 Dungeon Crawl Stone Soup version 0.31-a0-43-g46d131a48f (webtiles) character file.

Game seed: 14894790316834050700

46 bande the Covered (level 3, -1/24 HPs)
             Began as a Gargoyle Fighter on May 18, 2023.
             Killed from afar by Robin (13 damage)
             ... with a bolt of light
             ... on level 2 of the Dungeon.
             The game lasted 00:01:57 (1279 turns).

bande the Covered (Gargoyle Fighter)                Turns: 1279, Time: 00:01:58

Health: -1/24      AC: 10    Str: 19    XL:     3   Next: 66%
Magic:  3/3        EV:  9    Int:  8    God:
Gold:   63         SH:  4    Dex: 11    Spells: 2/2 levels left

rFire   . . .        a - +0 war axe
rCold   . . .        c - +0 buckler
rNeg    + . .        b - +0 scale mail
rPois   ∞            (no helmet)
rElec   +            (no cloak)
rCorr   .            (no gloves)
SInv    .            (no boots)
Will    .....        i - amulet of faith Stlth
                     (no ring)
HPRegen 0.24/turn    (no ring)
MPRegen 0.08/turn

%: faith
@: no status effects
A: sickness immunity, AC +3, negative energy resistance 1, electricity
resistance, torment resistance 1, petrification resistance
a: no special abilities


You were on level 2 of the Dungeon.
You visited 1 branch of the dungeon, and saw 2 of its levels.

You collected 63 gold pieces.

Inventory:

Hand Weapons
 a - a +0 war axe (weapon)
Armour
 b - a +0 scale mail (worn)
 c - a +0 buckler (worn)
Jewellery
 i - an amulet of faith (around neck)
Scrolls
 e - a scroll of teleportation
Potions
 d - a potion of might
 f - a potion of invisibility {unknown}
 g - 6 potions of curing {unknown}
 h - a potion of cancellation {unknown}
 j - 3 potions of lignification {unknown}


   Skills:
 + Level 3.7 Fighting
 + Level 2.4(2.5) Axes
 - Level 0.2(1.6) Maces & Flails
 - Level 0.5(1.6) Polearms
 + Level 3.7 Armour
 + Level 3.5 Shields


You had 2 spell levels left.
You didn't know any spells.
Your spell library was empty.

Dungeon Overview and Level Annotations

Branches:
Dungeon (2/15)

Altars:

Annotations:
D:2 Robin


Innate Abilities, Weirdness & Mutations

You are immune to sickness and miasma.
Your stone body is resilient. (AC +3)
You are immune to poison.
You resist negative energy. (rN+)
You are resistant to electric shocks. (rElec)
You are resistant to unholy torment.
You are immune to petrification.


Message History

No target in view!
You start resting.
HP restored.
You start waiting.
Done waiting.
You climb downwards.
Level annotation: Robin Robin roars a battlecry!
The goblin goes into a battle-frenzy!
The goblin shoots a sling bullet.
The sling bullet barely misses you.
Robin zaps a wand.
The bolt of light hits you!
There is a stone staircase leading up here.
The goblin shoots a sling bullet.
The sling bullet hits you but does no damage.
You closely miss Robin.
The goblin shoots a sling bullet.
The sling bullet hits you but does no damage.
Robin hits you but does no damage.
The goblin shoots a sling bullet.
The sling bullet hits you.
You closely miss Robin. Robin hits you but does no damage.
The goblin shoots a sling bullet.
You block the sling bullet.
You hit Robin.
Robin is moderately wounded.
You block Robin's attack.
The goblin shoots a sling bullet.
The sling bullet closely misses you.
Robin zaps a wand.
The bolt of light hits you.
The goblin shoots a sling bullet.
The sling bullet barely misses you.
You are too injured to fight recklessly!
You are too injured to fight recklessly!
You are too injured to fight recklessly!
You are too injured to fight recklessly!
You are too injured to fight recklessly!
You hit Robin but do no damage.
Robin is moderately wounded.
Robin barely misses you.
The goblin shoots a sling bullet.
You block the sling bullet.
You hit Robin but do no damage.
Robin is moderately wounded.
Robin zaps a wand.
The bolt of light hits you!
Ouch! That really hurt!
You die...

########
#.g....#
#..<...#
#......#
#....!.#
#....?g#
#....!@####
###...<...#
#....###..#
...#.# .##
## #. # . .
#.


You could see Robin and a goblin (strong).

Vanquished Creatures
  A dart slug (D:1)
  3 endoplasms (D:1)
  2 giant cockroaches (D:1)
  12 goblins (D:1)
  3 hobgoblins (D:1)
  4 jackals (D:1)
  A quokka (D:1)
  2 ball pythons (D:1)
  6 bats (D:1)
  2 frilled lizards (D:1)
  A kobold (D:1)
  2 rats (D:1)
39 creatures vanquished.

Notes
Turn   | Place    | Note
-------+----------+-------------------------------------------
     0 | D:1      | bande the Gargoyle Fighter began the quest for the Orb.
     0 | D:1      | Reached XP level 1. HP: 14/14 MP: 1/1
   124 | D:1      | Reached XP level 2. HP: 19/19 MP: 2/2
   498 | D:1      | Reached XP level 3. HP: 22/23 MP: 3/3
   844 | D:2      | Noticed Robin
  1279 | D:2      | Killed from afar by Robin

Illustrated notes

Levels and vault maps discovered:
D:1:      minmay_arrival_loop, layout_basic, serial_corexii_hall,
          corexii_hall_statues_deadend, corexii_hall_statues_i,
          corexii_hall_statues_l, minmay_misc_feat_tiny
D:2:      layout_rooms, serial_shops, shop, uniq_robin

Skill      XL: |  1  2 |
---------------+-------+-----
Axes           | 2 |  2.4
Fighting       | |  3.7
Maces & Flails | |  0.2
Polearms       | |  0.5
Armour         | |  3.7
Shields        | |  3.5

Action                     || total
---------------------------++-------
  Melee: War axe           ||    88
    Use: Scroll            ||     3
 Armour: Scale mail        ||    76
  Dodge: Dodged            ||    74
  Block: Buckler           ||    24

Table legend: (Time is in decaauts)
 A = Elapsed time spent in this place.
 B = Non-inter-level travel time spent in this place.
 C = Inter-level travel time spent in this place.
 D = Time resting spent in this place.
 E = Time spent auto-exploring this place.
 F = Levels seen in this place.
 G = Mean time per level.
                   A        B        C        D        E       F      G
               +--------+--------+--------+--------+--------+-----+--------+
         Total |   1320 |   1297 |     23 |    383 |    670 |   2 |  660.0 |
       Dungeon |   1320 |   1297 |     23 |    383 |    670 |   2 |  660.0 |
               +--------+--------+--------+--------+--------+-----+--------+

Top non-repeatable levels by time:
     D:1: 1302 daAuts
     D:2: 18 daAuts
